 Dungeon Crawl Stone Soup version 0.21-a0-509-gecc5317 (webtiles) character file.

79 KristoblXynda the Slasher (level 4, -2/36 HPs)
             Began as a Draconian Gladiator on Nov 29, 2017.
             Was an Initiate of Ashenzari.
             Slain by Sigmund
             ... wielding a +0 scythe
              (10 damage)
             ... on level 2 of the Dungeon.
             The game lasted 00:02:45 (1438 turns).

KristoblXynda the Slasher (Draconian Gladiator)     Turns: 1438, Time: 00:02:46

Health: -2/36      AC:  5    Str: 17    XL:     4   Next: 17%
Magic:  4/4        EV: 13    Int:  8    God:    Ashenzari [......]
Gold:   135        SH:  0    Dex: 13    Spells: 3/3 levels left

rFire    . . .     SeeInvis .   a - +0 long sword
rCold    . . .     Gourm    .   (no shield)
rNeg     . . .     Faith    .   (armour unavailable)
rPois    .         Spirit   .   b - +0 hat
rElec    .         Reflect  .   (no cloak)
rCorr    .         Harm     .   (no gloves)
MR       .....                  (no boots)
Stlth    +.........             (no amulet)
HPRegen  0.12/turn              (no ring)
MPRegen  0.09/turn              (no ring)

@: no status effects
A: unfitting armour, cold-blooded, AC +5
a: Curse Item, Renounce Religion


You were on level 2 of the Dungeon.
You worshipped Ashenzari.
Ashenzari was noncommittal.
You were not hungry.

You visited 1 branch of the dungeon, and saw 2 of its levels.

You collected 135 gold pieces.

Inventory:

Hand Weapons
 a - a +0 long sword (weapon)
 j - a +2 dagger of holy wrath
Armour
 b - a +0 hat (worn)
Scrolls
 h - a scroll of fog {unknown}
 n - a scroll of amnesia {unknown}
Potions
 e - a potion of heal wounds
 i - a potion of resistance
Comestibles
 d - a bread ration
 g - 4 fruits
 l - a meat ration


   Skills:
 - Level 2.1 Fighting
 + Level 3.8 Long Blades
 + Level 2.7 Throwing
 + Level 3.4 Dodging


You had 3 spell levels left.
You didn't know any spells.

Dungeon Overview and Level Annotations

Branches:
Dungeon (2/15)

Altars:
Ashenzari

Annotations:
D:2 Sigmund


Innate Abilities, Weirdness & Mutations

Your plain brown scales are hard. (AC +5)
You cannot fit into any form of body armour.
You are cold-blooded and may be slowed by cold attacks.


Message History

You miss something. Something hits you!
You miss something.
Your tail-slap misses something.
You hear some strange, mumbled words.
You are confused.
You bump into the rock wall.
Something completely misses you.
You're too confused to move!
You bump into the rock wall.
Something hits you.
Unknown command.
You bump into the rock wall.
Something hits you!
* * * LOW HITPOINT WARNING * * *
You feel less confused.
A magic dart appears from out of thin air!
The magic dart hits you!
* * * LOW HITPOINT WARNING * * *
You hear some strange, mumbled words.
Something tries to affect you, but you resist.
Autopickup is now on.
There is a stone staircase leading up here.
Something hits you!
You die...

####....##########
#....##.###>.. ##...#
####.....##.#. #.###
#########........ #.#
##..........#..### #.#
##.................
#.#########...............###
#..........................##
###########..................
#.@............#.##
#..............####
##............## #
#...........## #
#....############# ######
#...... ....... .....).
.......


There were no monsters in sight!

Vanquished Creatures
  Jessica (D:2)
  2 adders (D:2)
  2 ball pythons
  2 bats (D:1)
  3 giant cockroaches
  7 goblins
  4 hobgoblins
  3 frilled lizards (D:2)
  8 kobolds
  2 rats (D:2)
34 creatures vanquished.

Notes
Turn   | Place    | Note
-------+----------+-------------------------------------------
     0 | D:1      | KristoblXynda the Draconian Gladiator began the quest for the Orb.
     0 | D:1      | Reached XP level 1. HP: 17/17 MP: 1/1
   266 | D:1      | Reached XP level 2. HP: 6/24 MP: 2/2
   949 | D:2      | Reached XP level 3. HP: 22/29 MP: 3/3
  1090 | D:2      | Noticed Jessica
  1117 | D:2      | Killed Jessica
  1117 | D:2      | Reached XP level 4. HP: 17/36 MP: 4/4
  1281 | D:2      | Found a shattered altar of Ashenzari.
  1295 | D:2      | Became a worshipper of Ashenzari the Shackled
  1373 | D:2      | Noticed Sigmund
  1438 | D:2      | Slain by Sigmund

Vault maps used:
D:1:      saegor_arrival_simple_e
D:2:      nicolae_overflow_hidden_temple, grunt_gozag_breadcrumbs,
          nicolae_overflow_crystal_walls, uniq_jessica, uniq_robin, uniq_sigmund

Skill      XL: |  1  2 |
---------------+-------+-----
Throwing       | 2 |  2.7
Dodging        | 3 |  3.4
Fighting       | |  2.1
Long Blades    | |  3.8

Action                   |  1- 3 |  4- 6 || total
-------------------------+-------+-------++-------
Melee: Long sword        |    65 |    16 ||    81
       Tailslap          |     7 |     2 ||     9
Throw: Throwing net      |       |     3 ||     3
  Use: Scroll            |       |     2 ||     2
       Potion            |       |     1 ||     1
  Eat: Fruit             |       |     1 ||     1
       Chunk             |       |     1 ||     1
Armor: Skin              |    17 |     3 ||    20
Dodge: Dodged            |    49 |    11 ||    60
       Rpst.: Long sword |    17 |     2 ||    19

Table legend:
 A = Spawn XP
 B = Non-spawn XP
 C = Spawn XP percentage of total XP
 D = Spawn monster count
 E = Non-spawn monster count
 F = Spawn count percentage of total count
 G = Total turns spent on level
                    A         B        C        D         E        F      G
               +---------+---------+-------+---------+---------+-------+---------
         Total |       0 |     114 |   0.0 |       0 |      34 |   0.0 |  1438
               +---------+---------+-------+---------+---------+-------+---------
           D:1 |       0 |      26 |   0.0 |       0 |      15 |   0.0 |   940
           D:2 |       0 |      88 |   0.0 |       0 |      19 |   0.0 |   498
               +---------+---------+-------+---------+---------+-------+---------
